 Dungeon Crawl Stone Soup version 0.27-a0-795-ge5c3fa52fd (webtiles) character file.

Game seed: 8295621697486829089

270 Bapho the Ruffian (level 6, -3/59 HPs)
             Began as a Troll Monk on Mar 27, 2021.
             Succumbed to a water moccasin's poison
             ... on level 3 of the Dungeon.
             The game lasted 00:03:10 (1182 turns).

Bapho the Ruffian (Troll Monk)                      Turns: 1182, Time: 00:03:11

Health: -3/59      AC:  8    Str: 20    XL:     6   Next: 1%
Magic:  5/5        EV: 10    Int:  8    God:
Gold:   62         SH:  0    Dex: 12    Spells: 5/5 levels left

rFire    . . .     SeeInvis .     - Unarmed
rCold    . . .     Faith    .   (no shield)
rNeg     . . .     Spirit   .   a - +0 robe
rPois    .         Reflect  .   (helmet restricted)
rElec    .         Harm     .   (no cloak)
rCorr    .         Rampage  .   (gloves unavailable)
Will     .....                  (boots unavailable)
Stlth    ++........             (no amulet)
HPRegen  1.19/turn              c - +4 ring of protection
MPRegen  0.09/turn              (no ring)

@: lethally poisoned (-3 -> -20)
A: large, unfitting armour, claws 3, regeneration 1, shaggy fur 1, tough skin 1
a: no special abilities


You were on level 3 of the Dungeon.
You visited 1 branch of the dungeon, and saw 4 of its levels.

You collected 62 gold pieces.

Inventory:

Missiles
 i - 6 curare-tipped darts
 m - 53 stones (quivered)
 o - 3 poisoned darts
Armour
 a - a +0 robe (worn)
Jewellery
 c - a +4 ring of protection (left claw)
 j - an amulet of reflection
Wands
 n - a wand of flame (16)
Scrolls
 d - 2 scrolls of holy word {unknown}
 e - 2 scrolls of identify {unknown}
 f - a scroll of amnesia {unknown}
 k - a scroll of enchant weapon {unknown}
 l - a scroll of immolation {unknown}
Potions
 b - a potion of curing {unknown}
 g - 3 potions of berserk rage {unknown}
 h - a potion of brilliance {unknown}
 p - a potion of lignification {unknown}


   Skills:
 - Level 2.4 Fighting
 - Level 2.4 Dodging
 - Level 1.0 Stealth
 + Level 6.8 Unarmed Combat


You had 5 spell levels left.
You didn't know any spells.
Your spell library was empty.

Dungeon Overview and Level Annotations

Branches:
Dungeon (4/15)
 Temple: D:4-7

Altars:
Dithmenos
Elyvilon


Innate Abilities, Weirdness & Mutations

You are too large for most types of armour.
You have claws for hands.
Your natural rate of healing is unusually fast.
You are covered in fur. (AC +1)
You have tough skin. (AC +1)


Message History

The water moccasin is lightly wounded.
No target in view!
No target in view!
No target in view!
Found 9 gold pieces.
You throw a stone.
The stone hits the water moccasin but does no damage.
The water moccasin is lightly wounded.
You scratch the water moccasin.
The water moccasin is moderately wounded.
The water moccasin bites you.
You are poisoned.
The water moccasin poisons you!
You scratch the water moccasin. You claw the water moccasin.
The water moccasin is severely wounded.
You feel extremely sick.
The water moccasin completely misses you.
You barely miss the water moccasin.
The water moccasin is severely wounded.
You feel sick. The water moccasin barely misses you.
The water moccasin bites you.
You are more poisoned.
The water moccasin poisons you!
You are too injured to fight recklessly!
You are too injured to fight recklessly!
You are too injured to fight recklessly!
You scratch the water moccasin.
The water moccasin is severely wounded.
You feel extremely sick. The water moccasin barely misses you.
You barely miss the water moccasin. Your claw misses the water moccasin.
The water moccasin is severely wounded.
You feel sick. The water moccasin bites you.
You barely miss the water moccasin. Your claw misses the water moccasin.
The water moccasin is severely wounded.
You feel sick. The water moccasin bites you.
* * * LOW HITPOINT WARNING * * *
You are lethally poisoned!
The water moccasin poisons you!
You die...

#..#...).......
#.......#.#####
#.........#
...###....#
..........#
##.#...#[.# #
#...#..####.#
#.##.#...#.......#
#.......@##.######
..#..#.....#
.....(S.#####
$....##.# ...( #.#
... #.# .. #.# .
#.# #.#


You could see a water moccasin.

Vanquished Creatures
  Menkaure (D:4)
  A phantom (D:4)
  A howler monkey skeleton (D:4)
  2 adders
  2 orcs
  3 ball pythons
  8 endoplasms (D:1)
  2 giant cockroaches (D:1)
  8 goblins
  A hobgoblin (D:1)
  3 jackals (D:4)
  2 kobolds
  3 quokkas
  A bat (D:1)
  4 frilled lizards (D:1)
42 creatures vanquished.

Vanquished Creatures (others)
  5 fungi (D:4)
5 creatures vanquished.

Grand Total: 47 creatures vanquished

Notes
Turn   | Place    | Note
-------+----------+-------------------------------------------
     0 | D:1      | Bapho the Troll Monk began the quest for the Orb.
     0 | D:1      | Reached XP level 1. HP: 22/22 MP: 0/0
   210 | D:1      | Reached XP level 2. HP: 29/29 MP: 1/1
   465 | D:1      | Reached skill level 4 in Unarmed Combat
   759 | D:1      | Reached XP level 3. HP: 36/36 MP: 2/2
   882 | D:2      | You fall into a shaft and drop 2 floors!
   882 | D:4      | Found a shadowy altar of Dithmenos.
   952 | D:4      | Noticed Menkaure
   960 | D:4      | Killed Menkaure
   961 | D:4      | Reached skill level 6 in Unarmed Combat
   961 | D:4      | Reached XP level 4. HP: 20/44 MP: 3/3
   961 | D:4      | Reached XP level 5. HP: 22/50 MP: 4/4
  1018 | D:4      | Noticed a phantom
  1038 | D:4      | Killed a phantom
  1136 | D:4      | Found a white marble altar of Elyvilon.
  1140 | D:4      | Reached XP level 6. HP: 59/59 MP: 5/5
  1172 | D:3      | Noticed a water moccasin
  1182 | D:3      | Succumbed to a water moccasin's poison

Illustrated notes

Levels and vault maps discovered:
D:1:      psy_arrival_conway, layout_basic
D:2:      layout_basic, gammafunk_temple_overflow_elements,
          overflow_temple_1_default, uniq_terence
D:3:      layout_basic, uniq_ijyb
D:4:      layout_rooms, lemuel_round_altar, nicolae_dithmenos_shadow_blocks,
          nzn_overflow_gifts_of_might_and_magic, serial_aquarium,
          aquarium_bridge_long_joined [aquarium_subvault_window,
          aquarium_subvault_window, aquarium_subvault_wall,
          aquarium_subvault_window, aquarium_subvault_bridge,
          aquarium_subvault_bridge], aquarium_window_corridor_3,
          aquarium_window_fake, aquarium_window_1, aquarium_view_2d,
          aquarium_view_2a, aquarium_balcony_1b, uniq_menkaure

Skill      XL: |  1  2  3 |
---------------+----------+-----
Unarmed Combat | 4 6 |  6.8
Fighting       | |  2.4
Dodging        | |  2.4
Stealth        | |  1.0

Action                   |  1- 3 |  4- 6 || total
-------------------------+-------+-------++-------
Melee: Unarmed           |    46 |    35 ||    81
       Punch             |     3 |     1 ||     4
Throw: Dart              |     9 |       ||     9
       Stone             |     4 |     8 ||    12
 Stab: Sleeping          |     6 |       ||     6
Armor: Robe              |     8 |     7 ||    15
Dodge: Dodged            |    13 |    16 ||    29

Table legend: (Time is in decaauts)
 A = Elapsed time spent in this place.
 B = Non-inter-level travel time spent in this place.
 C = Inter-level travel time spent in this place.
 D = Time resting spent in this place.
 E = Time spent auto-exploring this place.
 F = Levels seen in this place.
 G = Mean time per level.
                   A        B        C        D        E       F      G
               +--------+--------+--------+--------+--------+-----+--------+
         Total |   1178 |   1114 |     64 |      0 |    872 |   4 |  294.5 |
       Dungeon |   1178 |   1114 |     64 |      0 |    872 |   4 |  294.5 |
               +--------+--------+--------+--------+--------+-----+--------+

Top non-repeatable levels by time:
     D:1: 862 daAuts
     D:4: 266 daAuts
     D:3: 28 daAuts
     D:2: 20 daAuts
